 Dungeon Crawl Stone Soup version 0.31-a0-544-gceb718ecc6 (webtiles) character file.

Game seed: 9941707373224015378

22 CraigForest the Changeling (level 2, -8/22 HPs)
             Began as a Demigod Shapeshifter on Aug 15, 2023.
             Killed from afar by Jessica (10 damage)
             ... with a puff of flame
             ... on level 2 of the Dungeon.
             The game lasted 00:01:19 (732 turns).

CraigForest the Changeling (Demigod Shapeshifter)    Turns: 732, Time: 00:01:19

Health: -8/22      AC:  8    Str: 16    XL:     2   Next: 51%
Magic:  4/4        EV:  7    Int: 10    God:
Gold:   36         SH:  0    Dex: 14    Spells: 1/1 levels left

rFire   . .          .
                       - Unarmed
rCold   . . .        (no shield)
rNeg    . . .        g - +0 chain mail
rPois   .            (helmet currently unavailable)
rElec   .            (cloak currently unavailable)
rCorr   .            (gloves currently unavailable)
SInv    .            (boots currently unavailable)
Will    .....        (no amulet) Stlth
                     (no ring)
HPRegen 0.23/turn    (no ring)
MPRegen 0.09/turn

%: no passive effects
@: beast-form
A: beast (slay +2), high MP 1, forlorn, divine attributes
a: Begin Untransformation


You were on level 2 of the Dungeon.
You were a hulking beast.
You visited 1 branch of the dungeon, and saw 2 of its levels.

You collected 36 gold pieces.

Inventory:

Missiles
 j - 4 poisoned darts
Armour
 a - a +0 animal skin
 g - a +0 chain mail (worn)
Talismans
 c - a beast talisman (active)
 d - a flux talisman
Scrolls
 f - a scroll of teleportation {unknown}
 i - a scroll of amnesia {unknown}
 k - a scroll of identify {unknown}
 l - 3 scrolls of noise {unknown}
Potions
 b - 2 potions of lignification
 e - 2 potions of cancellation {unknown}
 h - a potion of haste {unknown}


   Skills:
 + Level 0.8 Fighting
 + Level 0.1 Armour
 + Level 2.1 Dodging
 + Level 3.0 Unarmed Combat
 + Level 3.0 Shapeshifting


You had one spell level left.
You didn't know any spells.
Your spell library contained the following spells:

 Spells                   Type           Power      Damage    Failure   Level
 Freeze                   Ice            0%         1d3       99%         1
 Summon Small Mammal      Summ           0%         N/A       99%         1
 Call Canine Familiar     Summ           0%         N/A       100%        3
 Frozen Ramparts          Ice            0%         1d1       100%        3
 Hailstorm                Conj/Ice       0%         3d3       100%        3
 Summon Guardian Golem    Hex/Summ       0%         N/A       100%        3


Dungeon Overview and Level Annotations

Branches:
Dungeon (2/15)

Annotations:
D:2 Jessica


Innate Abilities, Weirdness & Mutations

You are a hulking beast.
Your limbs bulge with bestial killing power. (Slay +2)
You have an increased reservoir of magic. (+10% MP)
You shall have no god before yourself.
Your divine heritage dramatically boosts your attributes as you level up.


Message History

Done exploring.
You see here a ball python corpse.
You see here a +0 dagger.
There is a stone staircase leading down here.
You climb downwards.
Jessica shouts!
Found 2 sedimented grey potions.
There is a stone staircase leading up here.
There are monsters nearby!
Jessica mumbles some strange words.
Jessica blinks!
Found a scroll labelled QOESUI EDDE.
The dart slug barely misses you.
You hit the dart slug but do no damage. The dart slug barely misses you.
You hit the dart slug.
The dart slug is moderately wounded.
Jessica mumbles some strange words.
Jessica seems to speed up.
You hit the dart slug.
The dart slug is almost dead.
Jessica casts a spell.
Jessica blinks!
The dart slug launches a dart at you.
The slug dart hits you but does no damage.
Jessica gestures wildly while chanting.
Jessica blinks!
You hit the dart slug.
You kill the dart slug!
Your Unarmed Combat skill increases to level 3!
Found 18 gold pieces.
Jessica gestures at you while chanting. Pain shoots through your body!
Jessica points at you and mumbles some strange words.
Pain shoots through your body!
Ouch! That really hurt!
* * * LOW HITPOINT WARNING * * *
You closely miss Jessica. Jessica hits you but does no damage.
You hit Jessica.
Jessica is lightly wounded.
Jessica zaps a wand.
The puff of flame hits you!
You die...

... #.....
...... ......
##########......
..........#.....
.......<........
.........@......
........h#.....
.#####.†.# ....
#.#... ..!
#......?..
..........
...$.......
#.#.........
............


You could see Jessica (fast).

Vanquished Creatures
  2 dart slugs
  3 bats (D:1)
  2 endoplasms (D:1)
  A hobgoblin (D:1)
  3 kobolds (D:1)
  A quokka (D:1)
  2 ball pythons (D:1)
  2 goblins (D:1)
  A rat (D:1)
17 creatures vanquished.

Notes
Turn   | Place    | Note
-------+----------+-------------------------------------------
     0 | D:1      | CraigForest the Demigod Shapeshifter began the quest for
                  | the Orb.
     0 | D:1      | Reached XP level 1. HP: 15/15 MP: 3/3
   356 | D:1      | Reached XP level 2. HP: 22/22 MP: 4/4
   723 | D:2      | Noticed Jessica
   730 | D:2      | HP: 1/22 [Jessica/nerve-wracking pain (14)]
   732 | D:2      | Killed from afar by Jessica

Illustrated notes

Levels and vault maps discovered:
D:1:      dpeg_arrival_simpleton_b, layout_basic
D:2:      layout_rooms, uniq_jessica

Skill      XL: |  1  2 |
---------------+-------+-----
Dodging        | 2 |  2.1
Shapeshifting  | 3 |  3.0
Unarmed Combat | 3 |  3.0
Fighting       | |  0.8
Armour         | |  0.1

Action                     || total
---------------------------++-------
  Melee: Unarmed           ||    48
         Punch             ||     1
 Armour: Chain mail        ||    19
         Animal skin       ||     1
  Dodge: Dodged            ||    18

Table legend: (Time is in decaauts)
 A = Elapsed time spent in this place.
 B = Non-inter-level travel time spent in this place.
 C = Inter-level travel time spent in this place.
 D = Time resting spent in this place.
 E = Time spent auto-exploring this place.
 F = Levels seen in this place.
 G = Mean time per level.
                   A        B        C        D        E       F      G
               +--------+--------+--------+--------+--------+-----+--------+
         Total |    729 |    700 |     29 |      0 |    577 |   2 |  364.5 |
       Dungeon |    729 |    700 |     29 |      0 |    577 |   2 |  364.5 |
               +--------+--------+--------+--------+--------+-----+--------+

Top non-repeatable levels by time:
     D:1: 720 daAuts
     D:2: 8 daAuts
